| TOP OF THE 1ST |
|
Eugene Emeralds batting - Pitching for Salt Lake City Bees : RHP Jamie Nelson
|
|
Pitching: RHP Jamie Nelson
|
|
|
Batting: LHB James Peters
|
0-0: Ball 1-0: Called Strike 1-1: Foul Ball, location: 2F 1-2: Foul Ball, location: 2F 1-2: Ball 2-2: Foul Ball, location: 2F 2-2: Foul Ball, location: 2F 2-2: Foul Ball, location: 2F 2-2: Ball 3-2: Base on Balls
|
|
Batting: LHB Randy Bush
|
0-0: Called Strike 0-1: Ball 1-1: Ball 2-1: Foul Ball, location: 2F 2-2: SINGLE (Line Drive, 9S, EV 101.3 MPH) James Peters to second
|
|
Batting: LHB Ty Gainey
|
0-0: Called Strike 0-1: Ball 1-1: Fielders Choice at 2nd, 3-6 (Groundball, 34, EV 99.4 MPH) James Peters to third
|
|
Pitching: RHP Ed Nunez
|
|
|
Batting: LHB Dave Revering
|
0-0: Ball 1-0: Swinging Strike 1-1: Ball 2-1: Ground out U3 (Groundball, 3S, EV 63.1 MPH) James Peters scores Ty Gainey to second
|
|
Batting: LHB Rick Lancellotti
|
0-0: Ball 1-0: Called Strike 1-1: Called Strike 1-2: Ball 2-2: Foul Ball, location: 2F 2-2: Ball 3-2: Base on Balls
|
|
Batting: RHB Tim Wallach
|
0-0: Ball 1-0: Called Strike 1-1: Swinging Strike 1-2: Ball 2-2: Foul Ball, location: 2F 2-2: Ball 3-2: SINGLE (Groundball, 56D, EV 95.0 MPH) Ty Gainey to third Rick Lancellotti to second Ty Gainey scores Rick Lancellotti to third
|
|
Batting: LHB Milt May
|
0-0: 3-RUN HOME RUN (Flyball, 9D, EV 94.4 MPH), Distance : 375 ft
|
|
Batting: LHB Terry Lee
|
0-0: Called Strike 0-1: Ball 1-1: Called Strike 1-2: Ball 2-2: Ball 3-2: Base on Balls
|
|
Batting: RHB Alan McDonald
|
0-0: Called Strike 0-1: Ball 1-1: Ball 2-1: Ball 3-1: Foul Ball, location: 2F 3-2: Base on Balls Terry Lee to second
|
|
Batting: LHB James Peters
|
0-0: Called Strike 0-1: Called Strike 0-2: Ball 1-2: Ball 2-2: Ball 3-2: Foul Ball, location: 2F 3-2: Base on Balls Terry Lee to third Alan McDonald to second
|
|
Batting: LHB Randy Bush
|
0-0: Ball 1-0: Ball 2-0: SINGLE (Line Drive, 89M, EV 88.1 MPH) Terry Lee scores Alan McDonald to third James Peters to second Runner from 3rd tries for Home, SAFE, throw by RF to home
|
|
Batting: LHB Ty Gainey
|
0-0: Fly out, F8 (Flyball, 8LM, EV 75.6 MPH)
|
| Top of the 1st over - 7 runs, 4 hits, 0 errors, 2 left on base; Eugene 7 - Salt Lake City 0 |
| BOTTOM OF THE 1ST |
|
Salt Lake City Bees batting - Pitching for Eugene Emeralds : RHP Doc Medich
|
|
Pitching: RHP Doc Medich
|
|
|
Batting: RHB Robert Potts
|
0-0: Ball 1-0: Called Strike 1-1: Swinging Strike 1-2: Foul Ball, location: 2F 1-2: Foul Ball, location: 2F 1-2: Fly out, F7 (Flyball, 78S, EV 86.3 MPH)
|
|
Batting: LHB Mike Cole
|
0-0: Ball 1-0: Ball 2-0: Called Strike 2-1: Foul Ball, location: 2F 2-2: SINGLE (Groundball, 34D, EV 111.3 MPH)
|
|
Batting: LHB Eric Attaway
|
0-0: Foul Ball, location: 2F 0-1: Ball 1-1: Ball 2-1: Ball 3-1: Foul Ball, location: 2F 3-2: Base on Balls Mike Cole to second
|
|
Batting: LHB Thomas Dorsey
|
0-0: Fly out, F7 (Flyball, 7S, EV 93.1 MPH)
|
|
Batting: RHB William Cole
|
0-0: Called Strike 0-1: Ball 1-1: Foul Ball, location: 2F 1-2: Foul Ball, location: 2F 1-2: Foul Ball, location: 2F 1-2: Ball 2-2: Foul Ball, location: 2F 2-2: Foul Ball, location: 2F 2-2: 3-RUN HOME RUN (Flyball, 7LD, EV 93.1 MPH), Distance : 369 ft
|
|
Batting: RHB Darnell Coles
|
0-0: Ball 1-0: Called Strike 1-1: Ball 2-1: Called Strike 2-2: Fly out, F9 (Flyball, 9, EV 75.0 MPH)
|
| Bottom of the 1st over - 3 runs, 2 hits, 0 errors, 0 left on base; Eugene 7 - Salt Lake City 3 |
| TOP OF THE 2ND |
|
Eugene Emeralds batting - Pitching for Salt Lake City Bees : RHP Ed Nunez
|
|
Batting: LHB Dave Revering
|
0-0: Foul Ball, location: 2F 0-1: Ball 1-1: Foul Ball, location: 2F 1-2: Foul Ball, location: 2F 1-2: Ground out 4-3 (Groundball, 4D, EV 96.9 MPH)
|
|
Batting: LHB Rick Lancellotti
|
0-0: Foul Ball, location: 2F 0-1: Ground out 3-1 (Groundball, 3S, EV 83.1 MPH)
|
|
Batting: RHB Tim Wallach
|
0-0: Ball 1-0: Ground out 5-3 (Groundball, 56S, EV 65.6 MPH)
|
| Top of the 2nd over - 0 runs, 0 hits, 0 errors, 0 left on base; Eugene 7 - Salt Lake City 3 |
| BOTTOM OF THE 2ND |
|
Salt Lake City Bees batting - Pitching for Eugene Emeralds : RHP Doc Medich
|
|
Batting: RHB Darrell Miller
|
0-0: Called Strike 0-1: Ball 1-1: Foul Ball, location: 2F 1-2: Ball 2-2: Foul Ball, location: 2F 2-2: Ball 3-2: SINGLE (Groundball, 4MD, EV 97.5 MPH)
|
|
Batting: RHB Reid Nichols
|
0-0: Called Strike 0-1: Foul Ball, location: 2F 0-2: Strikes out swinging
|
|
Batting: RHB Antonio Baca
|
0-0: Called Strike 0-1: Ball 1-1: Grounds into double play, 4-6-3 (Groundball, 4, EV 86.3 MPH)
|
| Bottom of the 2nd over - 0 runs, 1 hit, 0 errors, 0 left on base; Eugene 7 - Salt Lake City 3 |
| TOP OF THE 3RD |
|
Eugene Emeralds batting - Pitching for Salt Lake City Bees : RHP Ed Nunez
|
|
Batting: LHB Milt May
|
0-0: Ball 1-0: Foul Ball, location: 2F 1-1: Ground out U3 (Groundball, 3, EV 85.0 MPH)
|
|
Batting: LHB Terry Lee
|
0-0: Ball 1-0: Ball 2-0: Ball 3-0: Called Strike 3-1: Base on Balls
|
|
Batting: RHB Alan McDonald
|
0-0: Ball 1-0: Called Strike 1-1: Grounds into double play, 6-4-3 (Groundball, 6, EV 81.9 MPH)
|
| Top of the 3rd over - 0 runs, 0 hits, 0 errors, 0 left on base; Eugene 7 - Salt Lake City 3 |
| BOTTOM OF THE 3RD |
|
Salt Lake City Bees batting - Pitching for Eugene Emeralds : RHP Doc Medich
|
|
Batting: RHB Robert Potts
|
0-0: Ball 1-0: Fly out, F6 (Flyball, 6D, EV 90.0 MPH)
|
|
Batting: LHB Mike Cole
|
0-0: Ball 1-0: Ball 2-0: Foul Ball, location: 2F 2-1: Called Strike 2-2: Foul Ball, location: 2F 2-2: Foul Ball, location: 2F 2-2: Fly out, F8 (Line Drive, 8RM, EV 87.5 MPH)
|
|
Batting: LHB Eric Attaway
|
0-0: Called Strike 0-1: Ball 1-1: Ball 2-1: SOLO HOME RUN (Line Drive, 89XD, EV 108.8 MPH), Distance : 413 ft
|
|
Batting: LHB Thomas Dorsey
|
0-0: Ball 1-0: Ball 2-0: Called Strike 2-1: Foul Ball, location: 2F 2-2: Ball 3-2: Strikes out swinging
|
| Bottom of the 3rd over - 1 run, 1 hit, 0 errors, 0 left on base; Eugene 7 - Salt Lake City 4 |
| TOP OF THE 4TH |
|
Eugene Emeralds batting - Pitching for Salt Lake City Bees : RHP Ed Nunez
|
|
Pitching: RHP Bill Lyons
|
|
|
Batting: LHB James Peters
|
0-0: Ball 1-0: Foul Ball, location: 2F 1-1: Ball 2-1: Ball 3-1: Base on Balls
|
|
Batting: LHB Randy Bush
|
0-0: Ball 1-0: Called Strike 1-1: Called Strike 1-2: Ball 2-2: Ball James Peters steals 2nd base 3-2: Base on Balls
|
|
Batting: LHB Ty Gainey
|
0-0: Foul Ball, location: 2F 0-1: Ball 1-1: Ball 2-1: Ball 3-1: Base on Balls James Peters to third Randy Bush to second
|
|
Batting: LHB Dave Revering
|
0-0: Ball 1-0: Fly out, F8 (Flyball, 8LM, EV 80.6 MPH) Runner from 3rd tags up, SCORES, throw by CF
|
|
Batting: LHB Rick Lancellotti
|
0-0: Ball Randy Bush steals 3rd base Ty Gainey to second 1-0: Ball 2-0: Ball 3-0: Called Strike 3-1: Called Strike 3-2: Foul Ball, location: 2F 3-2: Base on Balls
|
|
Batting: RHB Tim Wallach
|
0-0: SINGLE (Groundball, 4MD, EV 99.4 MPH) Randy Bush scores Ty Gainey to third Rick Lancellotti to second Runner from 3rd tries for Home, SAFE, throw by CF to home
|
|
Batting: LHB Milt May
|
0-0: Ball 1-0: Ball 2-0: Ball 3-0: Called Strike 3-1: SINGLE (Groundball, 34S, EV 69.4 MPH) (infield hit) Rick Lancellotti to third Tim Wallach to second
|
|
Batting: LHB Terry Lee
|
0-0: Called Strike 0-1: Foul Ball, location: 2F 0-2: Fly out, F7 (Flyball, 78XD, EV 97.5 MPH) Runner from 3rd tags up, SCORES, no throw by LF
|
|
Batting: RHB Alan McDonald
|
0-0: Foul Ball, location: 2F 0-1: Swinging Strike 0-2: Foul Ball, location: 2F 0-2: Foul Ball, location: 2F 0-2: Ball 1-2: Foul Ball, location: 2F 1-2: SINGLE (Line Drive, 56D, EV 101.3 MPH) Tim Wallach to third Milt May to second Runner from 3rd tries for Home, SAFE, throw by LF to home
|
|
Batting: LHB James Peters
|
0-0: Ball 1-0: Fly out, F6 (Popup, 6D, EV 50.0 MPH)
|
| Top of the 4th over - 5 runs, 3 hits, 0 errors, 2 left on base; Eugene 12 - Salt Lake City 4 |
| BOTTOM OF THE 4TH |
|
Salt Lake City Bees batting - Pitching for Eugene Emeralds : RHP Doc Medich
|
|
Batting: RHB William Cole
|
0-0: Called Strike 0-1: Swinging Strike 0-2: Ball 1-2: Ball 2-2: Foul Ball, location: 2F 2-2: SINGLE (Groundball, 6D, EV 100.0 MPH)
|
|
Batting: RHB Darnell Coles
|
0-0: Swinging Strike 0-1: Fielders Choice at 2nd, 3-6 (Groundball, 3S, EV 85.6 MPH)
|
|
Batting: RHB Darrell Miller
|
0-0: Called Strike 0-1: Ball 1-1: Ball 2-1: Ball 3-1: SINGLE (Groundball, 56D, EV 107.5 MPH) Darnell Coles to second
|
|
Batting: RHB Reid Nichols
|
0-0: Ball 1-0: Ball 2-0: SINGLE (Line Drive, 78S, EV 96.9 MPH) Darnell Coles to third Darrell Miller to second Runner from 3rd tries for Home, SAFE, throw by LF to home
|
|
Batting: RHB Antonio Baca
|
0-0: Ball 1-0: Called Strike 1-1: Foul Ball, location: 2F 1-2: SINGLE (Line Drive, 7LS, EV 106.9 MPH) Darrell Miller to third Reid Nichols to second Runner from 3rd tries for Home, SAFE, throw by LF to home
|
|
Batting: RHB Robert Potts
|
0-0: Ball 1-0: Foul Ball, location: 2F 1-1: Called Strike 1-2: Foul Ball, location: 2F 1-2: Foul Ball, location: 2F 1-2: Ball 2-2: Fly out, F7 (Line Drive, 7, EV 96.3 MPH)
|
|
Batting: LHB Mike Cole
|
0-0: Ball 1-0: Ball 2-0: Foul Ball, location: 2F 2-1: Called Strike 2-2: Ball 3-2: DOUBLE (Line Drive, 7LM, EV 100.0 MPH) Reid Nichols scores Antonio Baca to third Antonio Baca scores
|
|
Pitching: LHP Martin Pavlik
|
|
|
Batting: LHB Eric Attaway
|
0-0: Ball 1-0: Ball 2-0: Called Strike 2-1: Ball 3-1: Base on Balls
|
|
Batting: LHB Thomas Dorsey
|
0-0: 3-RUN HOME RUN (Line Drive, 89XD, EV 103.8 MPH), Distance : 418 ft
|
|
Batting: RHB William Cole
|
0-0: Ball 1-0: Foul Ball, location: 2F 1-1: Ground out 5-3 (Groundball, 56S, EV 66.3 MPH)
|
| Bottom of the 4th over - 7 runs, 6 hits, 0 errors, 0 left on base; Eugene 12 - Salt Lake City 11 |
| TOP OF THE 5TH |
|
Eugene Emeralds batting - Pitching for Salt Lake City Bees : RHP Bill Lyons
|
|
Batting: LHB Randy Bush
|
0-0: Called Strike 0-1: SINGLE (Line Drive, 4M, EV 95.6 MPH)
|
|
Batting: LHB Ty Gainey
|
0-0: Ball 1-0: Ball 2-0: Called Strike 2-1: Swinging Strike 2-2: Hit by Pitch Randy Bush to second
|
|
Batting: LHB Dave Revering
|
0-0: Fielders Choice at 2nd, 2-6 (Groundball, 13S, EV 69.4 MPH) Randy Bush to third
|
|
Batting: LHB Rick Lancellotti
|
0-0: Ball 1-0: Called Strike 1-1: 3-RUN HOME RUN (Flyball, 9LD, EV 103.8 MPH), Distance : 359 ft
|
|
Pitching: RHP Donnie Hill
|
|
|
Batting: RHB Tim Wallach
|
0-0: Called Strike 0-1: DOUBLE (Flyball, 8RXD, EV 111.9 MPH)
|
|
Batting: LHB Milt May
|
0-0: Ball Wild Pitch! Tim Wallach to third 1-0: Foul Ball, location: 2F 1-1: Ball 2-1: Swinging Strike 2-2: Ball 3-2: Hit by Pitch
|
|
Batting: LHB Terry Lee
|
0-0: Fly out, F8 (Flyball, 8LS, EV 79.4 MPH)
|
|
Batting: RHB Alan McDonald
|
0-0: Ball 1-0: Ball 2-0: Called Strike 2-1: Called Strike 2-2: SINGLE (Groundball, 4MD, EV 101.3 MPH) Tim Wallach scores Milt May to second
|
|
Batting: LHB James Peters
|
0-0: Foul Ball, location: 2F 0-1: SINGLE (Line Drive, 7S, EV 103.8 MPH) Milt May to third Alan McDonald to second Runner from 3rd tries for Home, SAFE, throw by LF to home
|
|
Batting: LHB Randy Bush
|
0-0: Swinging Strike 0-1: Foul Ball, location: 2F 0-2: Foul Ball, location: 2F 0-2: Ball 1-2: Ball 2-2: Ball 3-2: Ground out 5-3 (Groundball, 5S, EV 85.0 MPH)
|
| Top of the 5th over - 5 runs, 5 hits, 0 errors, 2 left on base; Eugene 17 - Salt Lake City 11 |
| BOTTOM OF THE 5TH |
|
Salt Lake City Bees batting - Pitching for Eugene Emeralds : LHP Martin Pavlik
|
|
Batting: RHB Darnell Coles
|
0-0: Ball 1-0: Ball 2-0: Called Strike 2-1: Foul Ball, location: 2F 2-2: Strikes out swinging
|
|
Batting: RHB Darrell Miller
|
0-0: Ball 1-0: Foul Ball, location: 2F 1-1: Ball 2-1: DOUBLE (Flyball, 8LXD, EV 93.1 MPH)
|
|
Batting: RHB Reid Nichols
|
0-0: Fly out, F7 (Flyball, 78M, EV 90.0 MPH)
|
|
Batting: RHB Antonio Baca
|
0-0: Called Strike 0-1: Foul Ball, location: 2F 0-2: Foul Ball, location: 2F 0-2: Strikes out swinging
|
| Bottom of the 5th over - 0 runs, 1 hit, 0 errors, 1 left on base; Eugene 17 - Salt Lake City 11 |
| TOP OF THE 6TH |
|
Eugene Emeralds batting - Pitching for Salt Lake City Bees : RHP Donnie Hill
|
|
Batting: LHB Ty Gainey
|
0-0: Ball 1-0: Ball 2-0: Ball 3-0: Base on Balls
|
|
Batting: LHB Dave Revering
|
0-0: Foul Ball, location: 2F 0-1: Fly out, F7 (Flyball, 78XD, EV 91.9 MPH)
|
|
Batting: LHB Rick Lancellotti
|
0-0: SINGLE (Line Drive, 78M, EV 92.5 MPH) Ty Gainey to second Runner from 2nd tries for 3rd, SAFE, throw by CF made to third
|
|
Batting: RHB Tim Wallach
|
0-0: Called Strike 0-1: Foul Ball, location: 2F 0-2: Fly out, F8 (Line Drive, 8LD, EV 90.0 MPH) Runner from 3rd tags up, SCORES, throw by CF
|
|
Batting: LHB Milt May
|
0-0: Ball 1-0: Ball 2-0: Foul Ball, location: 2F 2-1: Ball 3-1: Fly out, F8 (Flyball, 8LM, EV 83.8 MPH)
|
| Top of the 6th over - 1 run, 1 hit, 0 errors, 1 left on base; Eugene 18 - Salt Lake City 11 |
| BOTTOM OF THE 6TH |
|
Salt Lake City Bees batting - Pitching for Eugene Emeralds : LHP Martin Pavlik
|
|
Pitching: RHP George Frazier
|
|
|
Batting: RHB Robert Potts
|
0-0: Ball 1-0: Foul Ball, location: 2F 1-1: Ball 2-1: Fly out, F8 (Flyball, 8LM, EV 94.4 MPH)
|
|
Batting: LHB Mike Cole
|
0-0: Foul Ball, location: 2F 0-1: Foul Ball, location: 2F 0-2: Ground out 5-3 (Groundball, 56, EV 93.1 MPH)
|
|
Batting: LHB Eric Attaway
|
0-0: Ball 1-0: Ball 2-0: Ball 3-0: Base on Balls
|
|
Batting: LHB Thomas Dorsey
|
0-0: Ball 1-0: 2-RUN HOME RUN (Flyball, 89XD, EV 97.5 MPH), Distance : 412 ft
|
|
Batting: RHB William Cole
|
0-0: Ball 1-0: Called Strike 1-1: Foul Ball, location: 2F 1-2: Ball 2-2: Ball 3-2: Ground out 1-3 (Groundball, 15S, EV 71.3 MPH)
|
| Bottom of the 6th over - 2 runs, 1 hit, 0 errors, 0 left on base; Eugene 18 - Salt Lake City 13 |
| TOP OF THE 7TH |
|
Eugene Emeralds batting - Pitching for Salt Lake City Bees : RHP Donnie Hill
|
|
Batting: LHB Terry Lee
|
0-0: Fly out, F9 (Line Drive, 9D, EV 86.9 MPH)
|
|
Batting: RHB Alan McDonald
|
0-0: Foul Ball, location: 2F 0-1: Ball 1-1: Swinging Strike 1-2: Ball 2-2: Foul Ball, location: 2F 2-2: Ball 3-2: Foul Ball, location: 2F 3-2: Foul Ball, location: 2F 3-2: Base on Balls
|
|
Batting: LHB James Peters
|
0-0: Foul Ball, location: 2F 0-1: Foul Ball, location: 2F 0-2: Foul Ball, location: 2F 0-2: Fly out, F7 (Flyball, 78D, EV 80.6 MPH)
|
|
Batting: LHB Randy Bush
|
0-0: Ball 1-0: Ball 2-0: Called Strike 2-1: Ball 3-1: Base on Balls Alan McDonald to second
|
|
Batting: LHB Ty Gainey
|
0-0: Foul Ball, location: 2F 0-1: Fielders Choice at 2nd, 6-4 (Groundball, 6, EV 86.9 MPH)
|
| Top of the 7th over - 0 runs, 0 hits, 0 errors, 2 left on base; Eugene 18 - Salt Lake City 13 |
| BOTTOM OF THE 7TH |
|
Salt Lake City Bees batting - Pitching for Eugene Emeralds : RHP George Frazier
|
|
Batting: RHB Darnell Coles
|
0-0: Ball 1-0: Foul Ball, location: 2F 1-1: Ground out 3-1 (Groundball, 34, EV 78.8 MPH)
|
|
Batting: RHB Darrell Miller
|
0-0: Ball 1-0: Ground out 5-3 (Groundball, 5S, EV 65.6 MPH)
|
|
Batting: RHB Reid Nichols
|
0-0: Foul Ball, location: 2F 0-1: Ball 1-1: Foul Ball, location: 2F 1-2: Ball 2-2: Ball 3-2: Fly out, F7 (Flyball, 7LM, EV 101.3 MPH)
|
| Bottom of the 7th over - 0 runs, 0 hits, 0 errors, 0 left on base; Eugene 18 - Salt Lake City 13 |
| TOP OF THE 8TH |
|
Eugene Emeralds batting - Pitching for Salt Lake City Bees : RHP Donnie Hill
|
|
Batting: LHB Dave Revering
|
0-0: Ball 1-0: Ball 2-0: Called Strike 2-1: Ball 3-1: Base on Balls
|
|
Pitching: RHP Kevin Jacobson
|
|
|
Batting: LHB Rick Lancellotti
|
0-0: Ball 1-0: Ball 2-0: Ball 3-0: Base on Balls Dave Revering to second
|
|
Batting: RHB Tim Wallach
|
0-0: Swinging Strike 0-1: Grounds into double play, 6-4-3 (Groundball, 6, EV 79.4 MPH) Dave Revering to third
|
|
Batting: LHB Milt May
|
0-0: Called Strike 0-1: Called Strike 0-2: Fly out, F8 (Flyball, 78M, EV 86.3 MPH)
|
| Top of the 8th over - 0 runs, 0 hits, 0 errors, 1 left on base; Eugene 18 - Salt Lake City 13 |
| BOTTOM OF THE 8TH |
|
Salt Lake City Bees batting - Pitching for Eugene Emeralds : RHP George Frazier
|
|
Batting: RHB Antonio Baca
|
0-0: Ball 1-0: Called Strike 1-1: Fly out, F8 (Flyball, 8RM, EV 96.9 MPH)
|
|
Batting: RHB Robert Potts
|
0-0: Ball 1-0: Called Strike 1-1: SOLO HOME RUN (Line Drive, 78XD, EV 99.4 MPH), Distance : 430 ft
|
|
Batting: LHB Mike Cole
|
0-0: Called Strike 0-1: Foul Ball, location: 2F 0-2: Ball 1-2: Ball 2-2: Ball 3-2: Ground out U3 (Groundball, 3, EV 88.1 MPH)
|
|
Batting: LHB Eric Attaway
|
0-0: Called Strike 0-1: Ball 1-1: Ball 2-1: Ball 3-1: Called Strike 3-2: Base on Balls
|
|
Batting: LHB Thomas Dorsey
|
0-0: Ball 1-0: Called Strike 1-1: Ball 2-1: Called Strike 2-2: Ball 3-2: Base on Balls Eric Attaway to second
|
|
Batting: RHB William Cole
|
0-0: Swinging Strike 0-1: Foul Ball, location: 2F 0-2: Fly out, F8 (Flyball, 8RD, EV 101.3 MPH)
|
| Bottom of the 8th over - 1 run, 1 hit, 0 errors, 2 left on base; Eugene 18 - Salt Lake City 14 |
| TOP OF THE 9TH |
|
Eugene Emeralds batting - Pitching for Salt Lake City Bees : RHP Kevin Jacobson
|
|
Batting: LHB Terry Lee
|
0-0: Ground out U3 (Groundball, 3, EV 85.0 MPH)
|
|
Batting: RHB Alan McDonald
|
0-0: TRIPLE (Line Drive, 78XD, EV 108.8 MPH)
|
|
Batting: LHB James Peters
|
0-0: Ball Balk! Alan McDonald scores 1-0: Foul Ball, location: 2F 1-1: Foul Ball, location: 2F 1-2: Ground out 2-3 (Groundball, 15S, EV 68.1 MPH)
|
|
Batting: LHB Randy Bush
|
0-0: Ball 1-0: Foul Ball, location: 2F 1-1: Fly out, F3 (Popup, 34S, EV 66.3 MPH)
|
| Top of the 9th over - 1 run, 1 hit, 0 errors, 0 left on base; Eugene 19 - Salt Lake City 14 |
| BOTTOM OF THE 9TH |
|
Salt Lake City Bees batting - Pitching for Eugene Emeralds : RHP George Frazier
|
|
Batting: RHB Darnell Coles
|
0-0: Called Strike 0-1: Swinging Strike 0-2: Ball 1-2: Fly out, F4 (Popup, 23, EV 85.6 MPH)
|
|
Pitching: RHP Al Dopfel
|
|
|
Batting: RHB Darrell Miller
|
0-0: Ball 1-0: Called Strike 1-1: Called Strike 1-2: Ball 2-2: Strikes out swinging
|
|
Batting: RHB Reid Nichols
|
0-0: Called Strike 0-1: DOUBLE (Line Drive, 78M, EV 97.5 MPH)
|
|
Batting: RHB Antonio Baca
|
0-0: Ball 1-0: Ground out 4-3 (Groundball, 4, EV 88.1 MPH)
|
| Bottom of the 9th over - 0 runs, 1 hit, 0 errors, 1 left on base; Eugene 19 - Salt Lake City 14 |
|